 Dungeon Crawl Stone Soup version 0.31-a0-986-g5e6e4ef867 (webtiles) character file.

Game seed: 8288560515187159273

133807 FakeRyeBread the Brawler (level 16, 0/167 HPs)
             Began as a Troll Fighter on Nov 9, 2023.
             Was the Champion of Wu Jian.
             Succumbed to a fenstrider witch's poison
             ... while paralysed by a fenstrider witch
             ... on level 4 of the Swamp on Nov 10, 2023.
             The game lasted 01:31:54 (24672 turns).

FakeRyeBread the Brawler (Troll Fighter)           Turns: 24672, Time: 01:31:55

Health: 0/167      AC: 14    Str: 28    XL:     16   Next: 60%
Magic:  15/15      EV:  1    Int: 13    God:    Wu Jian [******]
Gold:   2662       SH:  0    Dex:  9    Spells: 15/15 levels left

rFire   . .          .
                       - Unarmed
rCold   . . .        u - +2 kite shield {AC+3}
rNeg    . . .        d - +1 steam dragon scales
rPois   .            R - +2 hat
rElec   .            v - +0 cloak
rCorr   +            (gloves unavailable)
SInv    +            (boots unavailable)
Will    +....        L - amulet of regeneration
Stlth   +            O - ring of see invisible
HPRegen 2.07/turn    x - ring "Roh Keet" {rCorr EV+5 Int+3}
MPRegen 0.14/turn

%: no passive effects
@: paralysed, lethally poisoned (0 -> -31), studying Polearms
A: large, unfitting armour, claws 3, regeneration 1, shaggy fur 1, tough skin 1,
screaming 1
a: Renounce Religion, Wall Jump, Serpent's Lash, Heavenly Storm


You were on level 4 of the Swamp.
You worshipped Wu Jian.
Wu Jian was exalted by your worship.
You visited 5 branches of the dungeon, and saw 26 of its levels.
You also visited: Bailey and Volcano.

You collected 3643 gold pieces.
You spent 981 gold pieces at shops.

Inventory:

Missiles
 b - 2 atropa-tipped darts
 e - 39 boomerangs
 j - 7 throwing nets
 o - 34 poisoned darts
 p - 7 curare-tipped darts
 I - 2 javelins
Armour
 d - +1 steam dragon scales (worn)
 u - a +2 kite shield of protection (worn)
 v - a +0 cloak (worn)
 M - the +3 robe of Xotti {Harm}
   (You found it on level 4 of the Swamp)

   Harm:      It increases damage dealt and taken.
 R - a +2 hat (worn)
Jewellery
 x - the ring "Roh Keet" (right claw) {rCorr EV+5 Int+3}
   (You acquired it in a bailey)

   [ring of evasion]

   EV+5:      It affects your evasion (+5).
   Int+3:     It affects your intelligence (+3).
   rCorr:     It protects you from acid and corrosion.
 y - a ring of willpower
 J - a ring of ice
 L - an amulet of regeneration (around neck)
 O - a ring of see invisible (left claw)
 U - a ring of protection from fire
Wands
 i - a wand of iceblast (40)
 k - a wand of charming (54)
 m - a wand of quicksilver (41) (quivered)
 q - a wand of polymorph (26)
 A - a wand of flame (26)
 G - a wand of mindburst (8)
 H - a wand of digging (1)
Scrolls
 a - 7 scrolls of fear
 c - a scroll of amnesia
 l - 2 scrolls of blinking
 r - 5 scrolls of fog
 s - 11 scrolls of teleportation
 B - a scroll of enchant weapon
 D - 2 scrolls of poison
 K - a scroll of vulnerability
 V - a scroll of revelation
 W - a scroll of silence
 X - 4 scrolls of identify
Potions
 f - 4 potions of lignification
 g - 2 potions of ambrosia
 h - a potion of berserk rage
 n - 2 potions of curing
 t - 4 potions of mutation
 w - 2 potions of magic
 z - 3 potions of invisibility
 C - 3 potions of brilliance
 E - a potion of haste
 T - a potion of resistance
Miscellaneous
 F - a box of beasts


   Skills:
 + Level 12.6 Fighting
 - Level 9.9 Dodging
 - Level 13.3 Shields
 * Level 20.2 Unarmed Combat


You had 15 spell levels left.
You didn't know any spells.
Your spell library contained the following spells:

 Spells                   Type           Power      Damage    Failure   Level
 Freeze                   Ice            0%         1d3       41%         1
 Kiss of Death            Conj/Necr      0%         2d5       41%         1
 Magic Dart               Conj           0%         1d3       41%         1
 Shock                    Conj/Air       0%         1d3       41%         1
 Slow                     Hex            0%         N/A       41%         1
 Lesser Beckoning         Tloc           0%         N/A       56%         2
 Searing Ray              Conj           0%         2d4       56%         2
 Confusing Touch          Hex            0%         N/A       80%         3
 Frozen Ramparts          Ice            0%         1d1       80%         3
 Gell's Gravitas          Tloc           0%         N/A       80%         3
 Hailstorm                Conj/Ice       0%         3d3       80%         3
 Sigil of Binding         Hex            0%         N/A       80%         3
 Swiftness                Air            0%         N/A       80%         3
 Teleport Other           Tloc           0%         N/A       80%         3
 Vampiric Draining        Necr           0%         2d6       80%         3
 Volatile Blastmotes      Fire/Tloc      0%         2d10      80%         3
 Airstrike                Air            0%         2d(0-16)  99%         4
 Dispel Undead            Necr           0%         3d6       99%         4
 Fulminant Prism          Conj/Hex       0%         3d5       99%         4
 Iskenderun's Mystic Bla  Conj/Tloc      0%         2d3       99%         4
 Manifold Assault         Tloc           0%         N/A       99%         4
 Iskenderun's Battlesphe  Conj           0%         2d6       100%        5
 Bombard                  Conj/Erth      0%         9d1       100%        6
 Dispersal                Tloc           0%         N/A       100%        6
 Spellforged Servitor     Conj/Summ      0%         N/A       100%        7
 Disjunction              Tloc           0%         N/A       100%        8


Dungeon Overview and Level Annotations

Branches:
Dungeon (14/15)            Temple (1/1) D:7            Lair (5/5) D:11
  Swamp (4/4) Lair:3       Spider (0/4) Lair:2        Slime (0/5) Lair:5
    Orc (2/2) D:10            Elf (0/3) Orc:2        Vaults (0/5) D:13
 Bailey (visited)         Volcano (visited)

Altars:
Ashenzari
Cheibriados
Dithmenos
Elyvilon
Fedhas
Gozag
Hepliaklqana
Kikubaaqudgha
Makhleb
Nemelex Xobeh
Okawaru
Qazlal
Ru
Sif Muna
Trog
Uskayaw
Vehumet
Wu Jian
Xom
Yredelemnul
Zin
The Shining One
Jiyva

Shops:
D:1 (   D:6 [   Orc:2 ((=(*[(([

Annotations:
Swamp:3 Mara


Innate Abilities, Weirdness & Mutations

You are too large for most types of armour.
You have claws for hands.
Your natural rate of healing is unusually fast.
You are covered in fur. (AC +1)
You have tough skin. (AC +1)
You occasionally shout uncontrollably at your foes.


Message History

You struggle to resist.
You enter the shallow water.
Found a mace.
You spin and attack the tyrant leech repeatedly.
You claw the tyrant leech!
The tyrant leech is moderately wounded.
You eviscerate the tyrant leech!!!
You kill the tyrant leech!
The Council accepts your kill.
The fenstrider witch points at you and mumbles some strange words.
You barely resist. The fenstrider witch hits you!
You block the fenstrider witch's attack.
You see here a swamp drake corpse.
You miss the fenstrider witch.
The fenstrider witch points at you and mumbles some strange words.
Your body is wracked with pain!
You barely miss the fenstrider witch. You barely miss the fenstrider witch.
The fenstrider witch hits you.
The fenstrider witch kicks you but does no damage.
You scratch the fenstrider witch.
The fenstrider witch is lightly wounded.
The fenstrider witch gestures at you while chanting.
You suddenly lose the ability to move!
The fenstrider witch casts a spell at you.
The toxic sludge hits you!
You are poisoned.
Splash!
You fall into the toxic bog.
The fenstrider witch hits you but does no damage.
The fenstrider witch completely misses you.
You fester in the toxic bog!
You are more poisoned.
You feel extremely sick. The fenstrider witch hits you!
* * * LOW HITPOINT WARNING * * *
The fenstrider witch kicks you!
* * * LOW HITPOINT WARNING * * *
You fester in the toxic bog!
You are lethally poisoned!
* * * LOW HITPOINT WARNING * * *
You die...

..~~~~..~~....~~.~.~♣
.~~~~~§...§~~.~~~~..♣~.~
......~~~~~~..$..~...~~~
♣♣♣♣~.~~~~§~....~...~~~~
♣♣♣~...~~~...~..~~.~§~.)
♣~~~.♣.~~~~~..~~~.~~~~..
†~§~~♣.~~~†~~~~~§~~~~..~
~~~~~♣?~~~~~~~~§~~~§~.♣
~~~~~~♣.~~~~~..†@~~~.♣
~~~~~.~~.~~~~.~.~H~§.♣
~~~~~.♣♣.~~~~.~♣♣.~~...♣
.~~~.~♣♣.~~~~.♣♣ .~.§§~.
.....♣♣♣♣§~~.~♣ ~~~~~~.
♣..♣♣♣ ♣.~~.♣♣ ~~§~~~~
♣♣♣ .§~~♣♣ ~~~.~♣♣ .§~♣
~§.~♣♣ ...


You could see a fenstrider witch.

Vanquished Creatures
  Kirke (D:14)
  A fenstrider witch (Swamp:3)
  3 orc warlords
  6 eleionomae
  2 bunyips
  A shambling mangrove (Swamp:3)
  Josephine (Orc:2)
  2 vault guards (Bailey)
  A rakshasa (D:13)
  8 hydras
  2 ghost crabs
  2 catoblepae
  3 centaur warriors
  3 alligators
  Erica (D:9)
  4 boulder beetles
  2 two-headed ogres
  2 tengu warriors (D:13)
  6 death yaks (Lair:4)
  A hell knight (Volcano)
  Nergalle (Lair:3)
  6 orc high priests
  Sonja (Lair:3)
  2 skysharks
  4 skeletal warriors (D:14)
  A salamander mystic (Volcano)
  A fire crab (Lair:5)
  5 goliath frogs
  3 bog bodies
  6 spriggan druids
  2 swamp dragons
  Pikel (D:5)
  6 orc knights
  A deep elf pyromancer (D:10)
  An oklob plant (Lair:2)
  4 orc sorcerers
  5 salamanders (Volcano)
  A will-o-the-wisp (Swamp:2)
  3 cyclopes
  25 ugly things
  8 black mambas
  9 elephants
  9 slime creatures
  A molten gargoyle (Volcano)
  17 cane toads
  2 gargoyles
  A cane toad (shapeshifter) (D:14)
  Maggie (Lair:2)
  3 rime drakes
  3 unseen horrors
  Jeremiah (D:7)
  A freezing wraith (D:10)
  13 komodo dragons
  A tengu conjurer (D:13)
  A meliai (D:12)
  14 hornets
  4 polar bears
  11 tyrant leeches
  9 trolls
  A raiju (shapeshifter) (D:14)
  18 blink frogs
  Prince Ribbit (D:7)
  2 shadows (D:10)
  A vampire (D:13)
  6 wraiths
  20 spriggans
  26 yaks
  6 humans (Bailey)
  6 wyverns
  7 fire bats (Volcano)
  A steam dragon (D:10)
  25 vampire mosquitoes
  2 hogs (D:14)
  9 basilisks
  2 wargs (Orc:2)
  14 swamp worms
  2 acid dragons
  12 water moccasins
  49 orc warriors
  6 swamp drakes
  A sky beast (D:8)
  10 black bears
  An ice beast (D:8)
  25 wolves
  4 boggarts (Lair:5)
  5 ogres
  A phantom (D:6)
  3 centaurs
  2 lemures (D:4)
  3 kobold brigands
  2 gnoll sergeants (D:9)
  18 bullfrogs
  3 scorpions
  3 wights (D:9)
  A killer bee (D:9)
  2 electric eels (D:10)
  9 howler monkeys
  5 lava snakes (Volcano)
  A hound (D:7)
  A gnoll bouda (Orc:2)
  6 jellies
  14 orc priests
  4 iguanas
  A sleepcap (D:5)
  20 orc wizards
  Ijyb (D:4)
  Natasha (thrice) (D:2)
  18 gnolls
  7 adders
  A shadow imp (D:5)
  A white imp (D:7)
  2 ufetubi (D:6)
  5 worms
  4 dart slugs
  92 orcs
  4 ball pythons
  9 endoplasms
  5 giant cockroaches
  12 goblins
  10 hobgoblins
  6 jackals
  4 quokkas
  2 bats
  2 frilled lizards
  15 kobolds
  6 rats
810 creatures vanquished.

Vanquished Creatures (collateral kills)
  An alligator (Swamp:1)
1 creature vanquished.

Vanquished Creatures (others)
  A human (D:14)
  A swamp drake (Swamp:2)
  An orc priest (Orc:2)
  2 orc wizards (Orc:2)
  4 foxfires (Swamp:2)
9 creatures vanquished.

Grand Total: 820 creatures vanquished

Notes
Turn   | Place    | Note
-------+----------+-------------------------------------------
     0 | D:1      | FakeRyeBread the Troll Fighter began the quest for the Orb.
     0 | D:1      | Reached XP level 1. HP: 22/22 MP: 0/0
   146 | D:1      | Reached XP level 2. HP: 29/29 MP: 1/1
   428 | D:1      | Reached XP level 3. HP: 36/36 MP: 2/2
   461 | D:1      | Found Tuw Zeem's Antique Weapon Boutique.
   726 | D:2      | Noticed Natasha
   733 | D:2      | Killed Natasha
   734 | D:2      | Reached skill level 3 in Unarmed Combat
   866 | D:2      | Noticed Natasha
   876 | D:2      | Killed Natasha
   877 | D:2      | Reached XP level 4. HP: 24/45 MP: 3/3
   921 | D:2      | Noticed Natasha
   924 | D:2      | Found a shimmering altar of Xom.
   928 | D:2      | Killed Natasha
  1565 | D:3      | Reached skill level 4 in Unarmed Combat
  1565 | D:3      | Reached XP level 5. HP: 53/53 MP: 4/4
  2375 | D:4      | Noticed Ijyb
  2382 | D:4      | Killed Ijyb
  2450 | D:4      | Reached XP level 6. HP: 32/61 MP: 5/5
  2821 | D:4      | Reached skill level 5 in Unarmed Combat
  2854 | D:4      | Found a sparkling altar of Nemelex Xobeh.
  3001 | D:5      | Entered Level 5 of the Dungeon
  3024 | D:5      | Noticed Pikel
  3080 | D:5      | Killed Pikel
  3081 | D:5      | Reached skill level 6 in Unarmed Combat
  3081 | D:5      | Reached XP level 7. HP: 29/70 MP: 6/6
  3243 | D:5      | Reached skill level 5 in Shields
  3243 | D:5      | Reached XP level 8. HP: 68/79 MP: 7/7
  3283 | D:5      | Reached skill level 7 in Unarmed Combat
  3589 | D:5      | Identified a scroll of acquirement
  3589 | D:5      | Acquired 1035 gold pieces
  3644 | D:6      | Found Hause's Armour Shoppe.
  3657 | D:6      | Reached skill level 5 in Fighting
  3699 | D:6      | Bought +1 steam dragon scales for 517 gold pieces
  3699 | D:6      | Bought a +0 cloak for 49 gold pieces
  4115 | D:7      | Noticed Prince Ribbit
  4116 | D:7      | Reached skill level 8 in Unarmed Combat
  4117 | D:7      | Noticed a troll
  4122 | D:7      | Killed a troll
  4126 | D:7      | Killed Prince Ribbit
  4127 | D:7      | Reached XP level 9. HP: 65/88 MP: 6/8
  4175 | D:7      | Found a staircase to the Ecumenical Temple.
  4184 | Temple   | Entered the Ecumenical Temple
  4203 | Temple   | Became a worshipper of the Wu Jian Council
  4473 | D:7      | Found a flagged portal.
  4520 | D:7      | Reached skill level 9 in Unarmed Combat
  4551 | Bailey   | Entered a bailey
  4673 | Bailey   | Reached * piety under Wu Jian
  4709 | Bailey   | Reached skill level 10 in Unarmed Combat
  4761 | Bailey   | Reached XP level 10. HP: 86/98 MP: 6/9
  4795 | Bailey   | Noticed a vault guard
  4800 | Bailey   | Killed a vault guard
  4821 | Bailey   | Acquired the ring "Roh Keet" {rCorr EV+5 Int+3}
  4837 | Bailey   | Noticed a vault guard
  4853 | Bailey   | Killed a vault guard
  5350 | D:7      | Noticed Jeremiah
  5442 | D:7      | Killed Jeremiah
  5660 | D:8      | Noticed a purple ugly thing
  5684 | D:8      | Killed a purple ugly thing
  5685 | D:8      | Reached skill level 11 in Unarmed Combat
  6014 | D:8      | Reached ** piety under Wu Jian
  6778 | D:9      | Reached skill level 5 in Dodging
  7006 | D:9      | Noticed Erica
  7015 | D:9      | Killed Erica
  7398 | D:9      | Reached XP level 11. HP: 109/109 MP: 10/10
  7814 | D:10     | Entered Level 10 of the Dungeon
  7823 | D:10     | Noticed a boulder beetle
  7831 | D:10     | Noticed an orc knight
  8045 | D:10     | Noticed a deep elf pyromancer
  8063 | D:10     | Killed a deep elf pyromancer
  8281 | D:10     | Reached skill level 12 in Unarmed Combat
  8406 | D:10     | Found a shimmering blue altar of Sif Muna.
  8406 | D:10     | Found a sacrificial altar of Ru.
  8406 | D:10     | Found a white marble altar of Elyvilon.
  8418 | D:10     | Found a broken altar of Ashenzari.
  8421 | D:10     | Found a radiant altar of Vehumet.
  8423 | D:10     | Found a bloodstained altar of Trog.
  8425 | D:10     | Found a basalt altar of Yredelemnul.
  8426 | D:10     | Found a snail-covered altar of Cheibriados.
  8429 | D:10     | Found a blossoming altar of Fedhas.
  8432 | D:10     | Found a burning altar of Makhleb.
  8433 | D:10     | Found an opulent altar of Gozag.
  9136 | D:10     | Found a staircase to the Orcish Mines.
  9329 | D:10     | Killed a boulder beetle
  9391 | D:10     | Killed an orc knight
  9509 | D:11     | Reached *** piety under Wu Jian
  9670 | D:11     | Noticed a two-headed ogre
  9697 | D:11     | Killed a two-headed ogre
  9698 | D:11     | Reached skill level 13 in Unarmed Combat
  9802 | D:11     | Found a staircase to the Lair.
  9808 | D:11     | Reached XP level 12. HP: 120/120 MP: 11/11
  9912 | D:11     | Found an opulent altar of Gozag.
 10843 | D:12     | Noticed a two-headed ogre
 10856 | D:12     | Killed a two-headed ogre
 10956 | D:12     | Noticed a boulder beetle
 10984 | D:12     | Killed a boulder beetle
 11237 | Lair:1   | Entered Level 1 of the Lair of Beasts
 11374 | Lair:1   | Reached **** piety under Wu Jian
 11375 | Lair:1   | Reached skill level 14 in Unarmed Combat
 11606 | Lair:1   | Noticed a six-headed hydra
 12172 | Lair:2   | Found a hole to the Spider Nest.
 12397 | Lair:2   | Noticed a six-headed hydra
 12428 | Lair:2   | Reached skill level 10 in Shields
 12428 | Lair:2   | Reached XP level 13. HP: 131/131 MP: 12/12
 12520 | Lair:2   | Identified the +6 hand axe of Zin's Esteem {holy, rPois}
 12991 | Lair:2   | Noticed Maggie
 12999 | Lair:2   | Killed Maggie
 13327 | Lair:3   | Reached skill level 15 in Unarmed Combat
 13424 | Lair:3   | Found a staircase to the Swamp.
 13571 | Lair:3   | Found a dark tunnel.
 13580 | Volcano  | Entered a volcano
 13696 | Volcano  | Found a burning altar of Makhleb.
 13842 | Volcano  | Reached ***** piety under Wu Jian
 14093 | Lair:3   | Noticed Sonja
 14100 | Lair:3   | Killed Sonja
 14367 | Lair:3   | Noticed Nergalle
 14384 | Lair:3   | Killed Nergalle
 14663 | Lair:4   | You fall into a shaft and drop 1 floor!
 14663 | Lair:5   | Entered Level 5 of the Lair of Beasts
 14813 | Lair:4   | Reached skill level 10 in Fighting
 14838 | Lair:4   | Reached skill level 16 in Unarmed Combat
 14846 | Lair:4   | Reached XP level 14. HP: 139/143 MP: 13/13
 16316 | Lair:5   | Found a viscous altar of Jiyva.
 16670 | Lair:5   | Found a staircase to the Slime Pits.
 17136 | Lair:2   | Reached skill level 17 in Unarmed Combat
 17246 | D:13     | Reached ****** piety under Wu Jian
 17271 | D:13     | HP: 6/144 [large slime creature (22)]
 17572 | Orc:1    | Entered Level 1 of the Orcish Mines
 17941 | Orc:2    | Entered Level 2 of the Orcish Mines
 17992 | Orc:2    | Found Voreck's Antique Weapon Shoppe.
 18120 | Orc:2    | Found Nemoamud's Antique Weapon Boutique.
 18148 | Orc:2    | Noticed an orc warlord
 18164 | Orc:2    | Killed an orc warlord
 18517 | Orc:2    | Found Puatahan's Antique Weapon Emporium.
 18716 | Orc:1    | Noticed an orc warlord
 18725 | Orc:1    | Killed an orc warlord
 19011 | Orc:2    | Reached XP level 15. HP: 72/152 MP: 14/14
 19278 | Orc:2    | Gained mutation: You occasionally shout uncontrollably at
                  | your foes. [a neqoxec]
 19498 | Orc:2    | Found Wicvuo's Antique Armour Shop.
 19526 | Orc:2    | Noticed Josephine
 19536 | Orc:2    | Killed Josephine
 19548 | Orc:2    | Found a staircase to the Elven Halls.
 19554 | Orc:2    | Bought a glowing robe for 118 gold pieces
 19554 | Orc:2    | Bought a glowing robe for 118 gold pieces
 19566 | Orc:2    | Found Ilebes's Weapon Shop.
 19752 | Orc:2    | Found Rela's Antique Armour Shoppe.
 19753 | Orc:2    | Found Ryg Ydiu's Antique Weapon Shoppe.
 19755 | Orc:2    | Found Bicin's General Store.
 19755 | Orc:2    | Found Arphuick's Jewellery Emporium.
 19760 | Orc:2    | Bought a scroll of identify for 26 gold pieces
 19770 | Orc:2    | Bought an ancient robe for 153 gold pieces
 19770 | Orc:2    | Identified the +2 robe of Bequeathed the Good {rC+ Int+3
                  | Archmagi} (You bought it in a shop on level 2 of the Orcish
                  | Mines)
 20424 | D:13     | Reached skill level 18 in Unarmed Combat
 20438 | D:13     | Found an ancient bone altar of Kikubaaqudgha.
 21153 | D:13     | Found a gate to the Vaults.
 21753 | D:14     | Noticed Kirke
 21761 | D:14     | Killed Kirke
 22502 | Swamp:1  | Entered Level 1 of the Swamp
 22541 | Swamp:1  | Reached skill level 19 in Unarmed Combat
 22592 | Swamp:1  | Reached XP level 16. HP: 150/165 MP: 15/15
 24060 | Swamp:3  | Noticed Mara
 24416 | Swamp:3  | Reached skill level 20 in Unarmed Combat
 24592 | Swamp:4  | Entered Level 4 of the Swamp
 24630 | Swamp:4  | Identified the +3 robe of Xotti {Harm}
 24669 | Swamp:4  | Paralysed by a fenstrider witch for 3 turns
 24672 | Swamp:4  | Succumbed to a fenstrider witch's poison

Illustrated notes

Levels and vault maps discovered:
D:1:      lightli_arrival_statuegarden, layout_loops_cross, serial_shops,
          nicolae_shop_tiny_statue_garden, minmay_misc_feat_columns
D:2:      layout_loops_ring, basic_altar, minmay_fountain_box, uniq_natasha
D:3:      layout_loops_ring
D:4:      minmay_chambers_of_twos, layout_gridville,
          mainiacjoe_overflow_alcove_4, uniq_ijyb
D:5:      layout_cave_pools, uniq_pikel
D:6:      layout_rooms, serial_shops, shop
D:7:      layout_basic, minmay_temple_entry_wispy, enter_bailey_5,
          uniq_prince_ribbit1, uniq_jeremiah
D:8:      layout_basic
D:9:      layout_basic, serial_curves, eino_curves_02, eino_curves_04,
          minmay_quadrilaterals, uniq_erica
D:10:     minmay_diamond_stairs, layout_gridville,
          nicolae_overflow_hallway_of_the_gods, kennysheep_opposing_triangles
D:11:     layout_grid_maze, grunt_lair_entry_orc_guard_hut,
          grunt_gozag_breadcrumbs
D:12:     layout_big_octagon
D:13:     layout_loops_ring, hellmonk_vaults_attempted_burglary,
          minmay_ruined_shrine
D:14:     layout_loops_ring, minmay_holes, uniq_kirke
Temple:   nicolae_temple_bog_church
Lair:1:   cheibrodos_lair_river_kwai, layout_long_grid, minivault_26,
          chequers_serial_rivers_large_a
Lair:2:   layout_small_grid, dummy_spider_entry, minmay_lair_oklob_items,
          grunt_megastairs_4, uniq_maggie
Lair:3:   layout_small_grid, minmay_swamp_entry_reptiles,
          nicolae_volcano_entry_hallway, uniq_nergalle, uniq_sonja
Lair:4:   layout_layer_cave, minmay_stone_trees_small, serial_bayou_shore_b,
          grunt_megastairs_2
Lair:5:   minmay_lair_end_enchanted_forest, layout_gridlike,
          nicolae_slime_entry_field_trip, chequers_serial_rivers_room_a
Swamp:1:  layout_basic_swamp, hangedman_swamp_ruin_hall,
          infiniplex_staircase_pool_2
Swamp:2:  layout_basic_swamp, evilmike_swamp_ruin_wall, swamp_pool_1_2,
          nicolae_swamp_tree_isthmus
Swamp:3:  layout_basic_swamp, nicolae_swamp_stair_fork, swamp_pool_5, uniq_mara
Swamp:4:  swamp_icy, layout_basic_swamp, swamp_pool_4
Orc:1:    layout_caves
Orc:2:    st_orc_congregation, layout_caves, basic_altar, serial_shops,
          nicolae_shop_statue_plus, shop, nicolae_shop_bloodbath_and_beyond,
          shop, shop, minmay_orc_keep, uniq_josephine

Skill      XL: |  1  2  3  4  5  6  7  8  9 10 11 12 13 14 15 16 |
---------------+-------------------------------------------------+-----
Shields        | 3 4 5 6 7 9 10 11 12 13 | 13.3
Unarmed Combat | 3 4 6 8 10 11 13 14 16 17 19 20 | 20.2
Fighting       | 3 4 5 6 7 8 9 10 11 12 | 12.6
Dodging        | 3 5 6 7 8 9 |  9.9

Action                     |  1- 3 |  4- 6 |  7- 9 | 10-12 | 13-15 | 16-18 || total
---------------------------+-------+-------+-------+-------+-------+-------++-------
  Melee: Unarmed           |    93 |   166 |   215 |   650 |  1553 |   293 ||  2970
  Throw: Boomerang         |       |     4 |       |       |     3 |       ||     7
 Invoke: Serpent's Lash    |       |       |       |     1 |     8 |     5 ||    14
Ability: Lunge             |       |       |     6 |    57 |   127 |    28 ||   218
         Whirlwind         |       |       |     1 |    70 |   240 |    33 ||   344
  Evoke: Wand              |       |       |       |    16 |    27 |    11 ||    54
         Box of beasts     |       |       |       |       |     1 |       ||     1
    Use: Scroll            |       |     7 |     9 |    11 |     9 |       ||    36
         Potion            |       |     1 |       |     2 |    12 |     2 ||    17
   Stab: Sleeping          |     2 |     2 |       |       |     1 |       ||     5
         Distracted        |       |       |       |       |       |     2 ||     2
 Armour: Robe              |    43 |    99 |    56 |       |       |       ||   198
         Steam dragon scal |       |       |   118 |   335 |   641 |   135 ||  1229
  Dodge: Dodged            |    29 |    52 |    86 |   313 |   601 |    76 ||  1157
  Block: Kite shield       |    31 |    52 |   103 |   234 |   656 |    92 ||  1168

Table legend: (Time is in decaauts)
 A = Elapsed time spent in this place.
 B = Non-inter-level travel time spent in this place.
 C = Inter-level travel time spent in this place.
 D = Time resting spent in this place.
 E = Time spent auto-exploring this place.
 F = Levels seen in this place.
 G = Mean time per level.
                   A        B        C        D        E       F      G
               +--------+--------+--------+--------+--------+-----+--------+
         Total |  24344 |  18185 |   6159 |   1627 |  10686 |  28 |  869.4 |
       Dungeon |  13342 |  10323 |   3019 |    763 |   7034 |  14 |  953.0 |
        Temple |     35 |      2 |     33 |      0 |      0 |   1 |   35.0 |
          Lair |   5489 |   3849 |   1640 |    166 |   2338 |   5 | 1097.8 |
         Swamp |   2089 |   1424 |    665 |    252 |    521 |   4 |  522.2 |
  Orcish Mines |   2521 |   1722 |    799 |    308 |    675 |   2 | 1260.5 |
        Bailey |    441 |    441 |      0 |    117 |     74 |   1 |  441.0 |
       Volcano |    425 |    425 |      0 |     21 |     44 |   1 |  425.0 |
               +--------+--------+--------+--------+--------+-----+--------+

Top non-repeatable levels by time:
   Orc:2: 1761 daAuts
    D:10: 1718 daAuts
  Lair:4: 1356 daAuts
     D:9: 1247 daAuts
    D:13: 1233 daAuts
    D:11: 1137 daAuts
  Lair:2: 1079 daAuts
  Lair:1: 1048 daAuts
     D:7: 1043 daAuts
  Lair:5: 1034 daAuts
  Lair:3: 970 daAuts
     D:8: 941 daAuts
     D:4: 917 daAuts
 Swamp:2: 877 daAuts
     D:2: 874 daAuts
